 Dungeon Crawl Stone Soup version 0.31-a0-845-g9abc20d24f (webtiles) character file.

Game seed: 3895219362020202647

126 demibob the Ruffian (level 4, 0/38 HPs)
             Began as a Draconian Chaos Knight on Oct 2, 2023.
             Was a Plaything of Xom.
             Slain by a hobgoblin (4 damage)
             ... on level 3 of the Dungeon.
             The game lasted 00:03:24 (1750 turns).

demibob the Ruffian (Draconian Chaos Knight)        Turns: 1750, Time: 00:03:26

Health: 0/38       AC:  6    Str: 15    XL:     4   Next: 83%
Magic:  4/4        EV: 12    Int: 16    God:    Xom [.*....]
Gold:   74         SH:  0    Dex: 18    Spells: 3/3 levels left

rFire   . .          .
                       - Unarmed
rCold   . . .        (no shield)
rNeg    . . .        (body armour unavailable)
rPois   .            (helmet restricted)
rElec   .            j - +0 cloak {Stlth+}
rCorr   .            (no gloves)
SInv    .            (no boots)
Will    .....        (no amulet)
Stlth   +++          h - ring of the Lizard {Int+4 Dex+6}
HPRegen 0.26/turn    (no ring)
MPRegen 0.09/turn

%: no passive effects
@: no status effects
A: AC +5, unfitting armour, cold-blooded
a: Renounce Religion


You were on level 3 of the Dungeon.
You worshipped Xom.
You were a plaything of Xom.
You visited 1 branch of the dungeon, and saw 3 of its levels.

You collected 74 gold pieces.


Innate Abilities, Weirdness & Mutations

Your plain brown scales are hard. (AC +5)
You cannot fit into any form of body armour.
You are cold-blooded and may be slowed by cold attacks.


   Skills:
 - Level 3.2 Fighting
 - Level 2.1 Dodging
 + Level 5.6 Unarmed Combat


You had 3 spell levels left.
You didn't know any spells.
Your spell library was empty.

Inventory:

Armour
 j - a +0 cloak of stealth (worn)
Jewellery
 h - the ring of the Lizard (left hand) {Int+4 Dex+6}
   (You found it on level 2 of the Dungeon)

   [ring of dexterity]

   Int+4:     It affects your intelligence (+4).
   Dex+6:     It affects your dexterity (+6).
Scrolls
 c - a scroll of blinking
 d - 2 scrolls of immolation
 i - a scroll of vulnerability
Potions
 a - a potion of cancellation {unknown}
 b - a potion of invisibility
 g - a potion of mutation

Dungeon Overview and Level Annotations

Branches:
Dungeon (3/15)

Altars:

Shops:
D:2

([? * ,,,, ,,,,,, , *,* ,
,, ,, *** ##.*.# ,* ,,,,
,,,* #..*.# ,* # ,,,,,,, *
#.#*.#*,* * #.#********
#.#*.# * , #.# #.#*.# ,# *,
#.####### #.#*.##.# *,
..... ..# ####.##....## ,
....#*#.# ##....@g.....# **
#.#.###.###...#.##......#*
* ,
#^#.##..........#*.......**
* ,
#..#....###...###,.......,
* **,, #.###.#.####.##
,....... ,,,, , .##
##)......# * .......
*****,* ..###...######
**g...... *,,
##.#.####******** ...S..#*
* * ##.## , ,,, , ,,, ,,
**,


You could see a hobgoblin.


Message History

You kill the iguana!
You hit the adder.
The adder is heavily wounded.
The adder bites you.
* * * LOW HITPOINT WARNING * * *
You are poisoned.
The adder poisons you!
You hit the adder.
Your tail-slap misses the adder.
The adder is almost dead.
You feel sick. The adder bites you.
* * * LOW HITPOINT WARNING * * *
Unknown command.
Okay, then.
You closely miss the adder. Your punch misses the adder.
The adder is almost dead.
You feel sick. The adder closely misses you. x2
You punch the adder!
You kill the adder!
You feel sick.
You barely miss the hobgoblin. You tail-slap the hobgoblin.
The hobgoblin is severely wounded.
You feel sick.
You are no longer poisoned.
The hobgoblin hits you.
* * * LOW HITPOINT WARNING * * *
You hit the hobgoblin but do no damage.
The hobgoblin is severely wounded.
The hobgoblin hits you.
You die... "Boring in life, boring in death..."

Skill      XL: |  1  2  3  4 |
---------------+-------------+-----
Unarmed Combat | 4 5 |  5.6
Fighting       | |  3.2
Dodging        | |  2.1

Action                     |  1- 3 |  4- 6 || total
---------------------------+-------+-------++-------
  Melee: Unarmed           |   146 |    48 ||   194
         Tailslap          |    13 |     4 ||    17
         Punch             |     2 |       ||     2
    Use: Scroll            |     7 |     4 ||    11
   Stab: Sleeping          |     1 |     2 ||     3
 Armour: Skin              |    80 |    23 ||   103
  Dodge: Dodged            |   101 |    20 ||   121

Levels and vault maps discovered:
D:1:      lightli_arrival_chessboard, layout_basic,
          nicolae_concentric_dashed_squares_mild, minmay_misc_feat_room,
          st_stairs_1, hangedman_decor_growths
D:2:      layout_rooms, serial_shops, shop, shop, shop,
          hangedman_decor_diamond_cutter, minmay_misc_feat_tiny,
          minmay_pentomino_t2
D:3:      layout_loops_ring

Notes
Turn   | Place    | Note
-------+----------+-------------------------------------------
     0 | D:1      | demibob the Draconian Chaos Knight began the quest for the
                  | Orb.
     0 | D:1      | Reached XP level 1. HP: 19/19 MP: 1/1
    16 | D:1      | XOM: silly message
   101 | D:1      | Reached XP level 2. HP: 26/26 MP: 2/2
   213 | D:1      | You fall into a shaft and drop 1 floor!
   213 | D:2      | Found Tacka's Antique Armour Shoppe.
   214 | D:2      | Found Wosicra's Weapon Shop.
   513 | D:1      | Reached skill level 4 in Unarmed Combat
   569 | D:1      | XOM: noise
   723 | D:1      | XOM: scenery: 1 doors close
   870 | D:1      | Reached XP level 3. HP: 26/31 MP: 3/3
   934 | D:1      | XOM: scenery: summon butterflies
   987 | D:1      | XOM: god gift: +0 cloak of stealth
  1249 | D:2      | Found Kufier's Magic Scroll Boutique.
  1363 | D:2      | Reached XP level 4. HP: 38/38 MP: 4/4
  1409 | D:2      | Reached skill level 5 in Unarmed Combat
  1481 | D:2      | Identified the ring of the Lizard {Int+4 Dex+6}
  1677 | D:3      | XOM: god gift: scroll labelled CIKHUG DIMEUD {god gift}
  1739 | D:3      | XOM: divination: magic mapping
  1750 | D:3      | Slain by a hobgoblin

Vanquished Creatures
  An iguana (D:3)
  4 adders
  A worm (D:2)
  4 dart slugs
  An orc (D:3)
  2 bats
  4 endoplasms
  3 giant cockroaches
  4 goblins (D:1)
  4 hobgoblins
  2 jackals
  A kobold (D:1)
  3 quokkas (D:2)
  5 ball pythons
  4 frilled lizards
  8 rats
51 creatures vanquished.

Table legend: (Time is in decaauts)
 A = Elapsed time spent in this place.
 B = Non-inter-level travel time spent in this place.
 C = Inter-level travel time spent in this place.
 D = Time resting spent in this place.
 E = Time spent auto-exploring this place.
 F = Levels seen in this place.
 G = Mean time per level.
                   A        B        C        D        E       F      G
               +--------+--------+--------+--------+--------+-----+--------+
         Total |   1736 |   1691 |     45 |     76 |   1205 |   3 |  578.7 |
       Dungeon |   1736 |   1691 |     45 |     76 |   1205 |   3 |  578.7 |
               +--------+--------+--------+--------+--------+-----+--------+

Top non-repeatable levels by time:
     D:1: 1075 daAuts
     D:2: 575 daAuts
     D:3: 85 daAuts

Table legend:
 A = Non-vault XP
 B = Vault XP
 C = Vault XP percentage of total XP
 D = Non-vault monster count
 E = Vault monster count
 F = Vault count percentage of total count
                 A         B        C        D         E       F
            +---------+---------+-------+---------+---------+-------
      Total |     173 |       7 |   3.9 |      47 |       4 |   7.8
            +---------+---------+-------+---------+---------+-------
        D:1 |      38 |       5 |  11.6 |      21 |       3 |  12.5
        D:2 |      79 |       2 |   2.5 |      20 |       1 |   4.8
        D:3 |      56 |       0 |   0.0 |       6 |       0 |   0.0
            +---------+---------+-------+---------+---------+-------
